 Dungeon Crawl Stone Soup version 0.22-a0-305-gd21a89c (webtiles) character file.

235 b5mith the Skirmisher (level 5, -15/48 HPs)
             Began as a Minotaur Berserker on Mar 28, 2018.
             Was a Believer of Trog.
             Killed by divine providence
             ... invoked by an orc priest
              (17 damage)
             ... on level 3 of the Dungeon.
             The game lasted 00:03:49 (1965 turns).

b5mith the Skirmisher (Minotaur Berserker)          Turns: 1965, Time: 00:03:51

Health: -15/48     AC: 11    Str: 22    XL:     5   Next: 76%
Magic:  4/4        EV:  9    Int:  4    God:    Trog [**....]
Gold:   100        SH:  0    Dex: 10    Spells: 4/4 levels left

rFire    . . .     SeeInvis .   a - +0 falchion
rCold    . . .     Gourm    .   (no shield)
rNeg     . . .     Faith    .   n - +0 chain mail
rPois    .         Spirit   .   (helmet restricted)
rElec    .         Reflect  .   h - +0 cloak
rCorr    .         Harm     .   f - +0 pair of gloves
MR       .....     Rnd*Tele +   (no boots)
Stlth    ..........             (no amulet)
HPRegen  0.16/turn              s - ring of teleportation (curse)
MPRegen  0.09/turn              (no ring)

@: berserk cooldown, slowed, very slow
A: retaliatory headbutt, horns 2
a: Berserk, Trog's Hand, Renounce Religion


You were on level 3 of the Dungeon.
You worshipped Trog.
Trog was pleased with you.
You were very hungry.

You visited 1 branch of the dungeon, and saw 3 of its levels.

You collected 100 gold pieces.

Inventory:

Hand Weapons
 a - a +0 falchion (weapon)
Missiles
 d - 71 stones (quivered)
Armour
 b - a +0 animal skin
 f - a +0 pair of gloves (worn)
 h - a +0 cloak (worn)
 n - a +0 chain mail (worn)
 o - a +0 ring mail
Jewellery
 s - a cursed ring of teleportation (left hand)
Scrolls
 e - 6 scrolls of identify {unknown}
 g - 3 scrolls of enchant weapon {unknown}
 p - a scroll of enchant armour {unknown}
 q - a scroll of teleportation {unknown}
 r - a scroll of magic mapping {unknown}
Potions
 i - 2 potions of magic {unknown}
 j - 2 potions of ambrosia {unknown}
 k - a potion of flight {unknown}
 l - a potion of degeneration {unknown}
 m - 3 potions of curing {unknown}
Comestibles
 c - 5 rations
 t - 6 chunks of flesh


   Skills:
 + Level 5.0 Fighting
 + Level 5.0 Long Blades
 + Level 4.2 Armour
 + Level 3.8 Dodging


You had 4 spell levels left.
You didn't know any spells.

Dungeon Overview and Level Annotations

Branches:
Dungeon (3/15)

Altars:
Cheibriados
Dithmenos
Qazlal
Yredelemnul


Innate Abilities, Weirdness & Mutations

You reflexively headbutt those who attack you in melee.
You have a pair of horns on your head.


Message History

You hit the orc priest but do no damage.
The orc priest is moderately wounded.
The orc priest hits you with a morningstar.
* * * LOW HITPOINT WARNING * * *
The orc barely misses you.
You hit the orc priest.
The orc priest is heavily wounded.
The orc priest hits you with a morningstar.
* * * LOW HITPOINT WARNING * * *
The orc hits you from afar with a trident.
* * * LOW HITPOINT WARNING * * *
The orc priest hits you but does no damage.
The orc hits you but does no damage.
You closely miss the orc priest.
The orc priest is heavily wounded.
The orc hits you from afar with a trident.
* * * LOW HITPOINT WARNING * * *
The orc priest mumbles some strange prayers to Beogh against you.
Beogh smites you!
You die...

.# ?. .#
.# # .#
.# .#..#
#####†.#
#.@oo..#
#.##†#.#
#.#.## #
#..#
#.## #.#
#.# #:#
..#


You could see an orc priest and an orc.

Vanquished Creatures
  A bullfrog (D:3)
  An orc priest (D:3)
  An iguana (D:2)
  4 adders
  An ooze (D:2)
  4 worms
  2 dart slugs
  4 leopard geckos
  4 orcs (D:3)
  3 giant cockroaches
  5 goblins
  6 hobgoblins
  2 jackals (D:1)
  4 kobolds (D:1)
  A ball python (D:1)
  5 bats
  A frilled lizard (D:1)
  4 rats
53 creatures vanquished.

Notes
Turn   | Place    | Note
-------+----------+-------------------------------------------
     0 | D:1      | b5mith the Minotaur Berserker began the quest for the Orb.
     0 | D:1      | Reached XP level 1. HP: 19/19 MP: 0/0
   334 | D:1      | Reached XP level 2. HP: 27/27 MP: 1/1
  1021 | D:2      | Reached XP level 3. HP: 23/33 MP: 2/2
  1304 | D:2      | Found a shadowy altar of Dithmenos.
  1587 | D:2      | Reached ** piety under Trog
  1587 | D:2      | Reached XP level 4. HP: 32/41 MP: 3/3
  1910 | D:3      | Found a snail-covered altar of Cheibriados.
  1914 | D:3      | Found a basalt altar of Yredelemnul.
  1914 | D:3      | Found a stormy altar of Qazlal.
  1930 | D:3      | Noticed a bullfrog
  1939 | D:3      | Killed a bullfrog
  1939 | D:3      | Reached XP level 5. HP: 28/47 MP: 4/4
  1940 | D:3      | Noticed an orc warrior
  1954 | D:3      | Reached skill level 5 in Fighting
  1954 | D:3      | Reached skill level 5 in Long Blades
  1964 | D:3      | HP: 2/48 [orc/trident (6)]
  1965 | D:3      | Killed from afar by an orc priest

Vault maps used:
D:1:      kennysheep_arrival_seaside
D:2:      first_ration, grunt_dithmenos_smoke_and_mirrors
D:3:      grunt_temple_overflow_open, serial_curves, eino_curves_03,
          eino_curves_01, eino_curves_02, minmay_cut_off

Skill      XL: |  1  2  3  4  5 |
---------------+----------------+-----
Fighting       | 4 5 |  5.0
Long Blades    | 4 5 |  5.0
Armour         | 3 4 |  4.2
Dodging        | 3 |  3.8

Action                   |  1- 3 |  4- 6 || total
-------------------------+-------+-------++-------
Melee: Falchion          |    57 |    48 ||   105
       Headbutt          |    10 |    13 ||    23
Invok: Berserk           |       |     1 ||     1
 Stab: Sleeping          |     1 |       ||     1
  Eat: Chunk             |     1 |     2 ||     3
Armor: Animal skin       |     8 |       ||     8
       Chain mail        |     8 |    25 ||    33
Dodge: Dodged            |    33 |    30 ||    63
       Rpst.: Falchion   |     7 |     8 ||    15

Table legend:
 A = Spawn XP
 B = Non-spawn XP
 C = Spawn XP percentage of total XP
 D = Spawn monster count
 E = Non-spawn monster count
 F = Spawn count percentage of total count
 G = Total turns spent on level
                    A         B        C        D         E        F      G
               +---------+---------+-------+---------+---------+-------+---------
         Total |       0 |     336 |   0.0 |       0 |      53 |   0.0 |  1965
               +---------+---------+-------+---------+---------+-------+---------
           D:1 |       0 |      30 |   0.0 |       0 |      17 |   0.0 |  1010
           D:2 |       0 |     106 |   0.0 |       0 |      15 |   0.0 |   829
           D:3 |       0 |     200 |   0.0 |       0 |      21 |   0.0 |   126
               +---------+---------+-------+---------+---------+-------+---------
